 Dungeon Crawl Stone Soup version 0.28-a0-1152-g9c71ebef14 (webtiles) character file.

Game seed: 5300666093283494153

2 spaghetti the Sneak (level 1, -15/18 HPs)
             Began as a Mummy Delver on Dec 14, 2021.
             Demolished by Blork the orc (18 damage)
             ... on level 5 of the Dungeon.
             The game lasted 00:00:36 (213 turns).

spaghetti the Sneak (Mummy Delver)                   Turns: 213, Time: 00:00:36

Health: -15/18     AC:  3    Str: 15    XL:     1   Next: 25%
Magic:  1/1        EV: 11    Int:  9    God:
Gold:   12         SH:  0    Dex: 13    Spells: 0/0 levels left

rFire   x . .      SeeInvis .   a - +0 falchion {long}
rCold   + . .      Faith    .   (no shield)
rNeg    + + +      Spirit   .   b - +0 leather armour
rPois   ∞          Reflect  .   (no helmet)
rElec   .          Harm     .   (no cloak)
rCorr   .          Rampage  .   (no gloves)
Will    .....                   (no boots)
Stlth   ++........              (no amulet)
HPRegen 0.06/turn               (no ring)
MPRegen 0.07/turn               (no ring)

@: no status effects
A: cold resistance 1, negative energy resistance 3, torment resistance 2, heat
vulnerability 1, no potions
a: no special abilities


You were on level 5 of the Dungeon.
You visited 1 branch of the dungeon, and saw 2 of its levels.

You collected 12 gold pieces.


Innate Abilities, Weirdness & Mutations

You are immune to poison.
Your flesh is cold resistant. (rC+)
You are immune to negative energy. (rN+++)
You are immune to unholy pain and torment.
You are vulnerable to heat. (rF-)
You do not drink.


   Skills:
 + Level 3.1 Fighting
 - Level 1.5 Long Blades
 - Level 1.5 Dodging
 - Level 4.1 Stealth


You couldn't memorise any spells.
You didn't know any spells.
Your spell library was empty.

Inventory:

Hand Weapons
 a - a +0 falchion (weapon) {long}
Missiles
 g - 15 stones (quivered) {throwing}
Armour
 b - a +0 leather armour (worn)
Wands
 f - a wand of digging (2)
Scrolls
 c - a scroll of fog

Dungeon Overview and Level Annotations

Branches:
Dungeon (6/15)
 Temple: D:4-7

Altars:

Annotations:
D:5 Blork the orc

## #.# ##.#
#.......
##.#
#.......
#######
##.##
#.......
#.....#
##@##
#.......
#.....###o##
#.......
#......>.##
###.......
#.....#..#
#.........
####.###.#
#.......).
#.###.#
#.........
#..##.#
#.#.......
##....##
...#.......
####o.# ....
##>.....


You could see Blork the orc.


Message History

🤖 Initializing magus.rc ...
Options error: Delay interrupt name "hungry" not recognised. (~/.crawlrc:4771) ✅ Successfully initialized magus.rc [v1.9.6] Welcome, spaghetti the Mummy Delver.
Will you be the one to retrieve the transcendent Orb of Zot from the depths?
Press ? for a list of commands and other information.
Found 15 stones, a green potion, 12 gold pieces and a club.
Found a stone staircase leading down.
Unknown command.
g - 15 stones {throwing} A sky beast comes into view.
A sky beast is nearby!
You see here 12 gold pieces.
You now have 12 gold pieces.
There is a stone staircase leading down here.
You climb downwards.
There is a stone staircase leading up here.
Unknown command.
Unknown command.
The helpless orc fails to defend itself.
You hit the orc but do no damage. The orc barely misses you.
You closely miss the orc. The orc barely misses you.
You hit the orc. The orc closely misses you.
You hit the orc. The orc hits you but does no damage.
You slash the orc!
You kill the orc!
Things that are here:
a +0 flail {mace}; a +0 ring mail Really read
d - a scroll of magic mapping {!r}?
As you read the scroll of magic mapping {!r}, it crumbles to dust.
You feel aware of your surroundings.
Unknown command.
Unknown command.
Unknown command.
Unknown command.
An iguana comes into view.
The iguana hisses angrily.
You closely miss the iguana. The iguana bites you!
Ouch! That really hurt!
* * * LOW HITPOINT WARNING * * *
😨 HP[-9]
You take 9 damage, and now have 9/18 hp.
MASSIVE DAMAGE!! (PAUSE) 😮 HP[+1]
Found a stone staircase leading up.
An ice beast comes into view.
There is a stone staircase leading up here.
Unknown command.
As you read the scroll of fear, it crumbles to dust.
You assume a fearsome visage.
The iguana looks frightened!
The ice beast looks frightened!
You climb upwards.
There is a stone staircase leading down here.
Unknown command.
Unknown command.
Unknown command.
You start resting. 😎 HP[+8]
Your hp is fully restored (18).
There is a stone staircase leading down here.
Blork the orc comes into view.
He is wielding a +2 scimitar of holy wrath.
Blork the orc shouts!
Unknown command.
Blork the orc screams, "I don't like you!"
Aiming: Dig
Press: ? - help, Shift-Dir - straight line A rock wall.
The rock shatters into small pieces.
Blork the orc looks encouraged for a moment.
You start waiting.
Blork the orc is nearby!
Blork the orc screams, "You are the ugliest creature I've ever seen!"
You barely miss Blork the orc. Blork the orc closely misses you.
You hit Blork the orc. Blork the orc barely misses you.
You hit Blork the orc. Blork the orc barely misses you.
You closely miss Blork the orc. Blork the orc closely misses you.
Blork the orc hits you with a +2 scimitar of holy wrath!
Ouch! That really hurt!
* * * LOW HITPOINT WARNING * * *
You convulse!!
Ouch! That really hurt!
You die...

Action                   || total
-------------------------++-------
Melee: Falchion          ||    10
Evoke: Wand              ||     1
  Use: Scroll            ||     2
 Stab: Sleeping          ||     1
Armor: Leather armour    ||     1
Dodge: Dodged            ||     7

Levels and vault maps discovered:
D:5:      layout_rooms, minmay_temple_entry_mist, uniq_blork_the_orc
D:6:      layout_loops_corners, uniq_grinder

Notes
Turn   | Place    | Note
-------+----------+-------------------------------------------
     0 | D:5      | spaghetti the Mummy Delver began the quest for the Orb.
     0 | D:5      | Reached XP level 1. HP: 18/18 MP: 1/1
     0 | D:5      | magus.rc [v1.9.6]
     4 | D:5      | Noticed a sky beast
    33 | D:6      | Noticed an iguana
    51 | D:6      | Noticed an ice beast
   194 | D:5      | Noticed Blork the orc
   213 | D:5      | HP: 3/18 [Blork the orc (15)]
   213 | D:5      | Demolished by Blork the orc

Vanquished Creatures
  An orc (D:6)
1 creature vanquished.

Table legend:
 A = Non-vault XP
 B = Vault XP
 C = Vault XP percentage of total XP
 D = Non-vault monster count
 E = Vault monster count
 F = Vault count percentage of total count
                 A         B        C        D         E       F
            +---------+---------+-------+---------+---------+-------
      Total |       3 |       0 |   0.0 |       1 |       0 |   0.0
            +---------+---------+-------+---------+---------+-------
        D:6 |       3 |       0 |   0.0 |       1 |       0 |   0.0
            +---------+---------+-------+---------+---------+-------

Illustrated notes

Table legend:
 A = Kills in this place as a percentage of kills in entire the game.
 B = Kills by you in this place as a percentage of kills by you in the entire game.
 C = Kills by friends in this place as a percentage of kills by friends in the entire game.
 D = Other kills in this place as a percentage of other kills in the entire game.
 E = Experience gained in this place as a percentage of experience gained in the entire game.
 F = Experience gained in this place divided by the number of levels of this place that you have seen.
                   A       B       C       D       E      F
               +-------+-------+-------+-------+-------+----------------------
         Total | 100.0 | 100.0 |   N/A |   N/A | 100.0 |   1.5
       Dungeon | 100.0 | 100.0 |   N/A |   N/A | 100.0 |   1.5
               +-------+-------+-------+-------+-------+----------------------

Table legend: (Time is in decaauts)
 A = Elapsed time spent in this place.
 B = Non-inter-level travel time spent in this place.
 C = Inter-level travel time spent in this place.
 D = Time resting spent in this place.
 E = Time spent auto-exploring this place.
 F = Levels seen in this place.
 G = Mean time per level.
                   A        B        C        D        E       F      G
               +--------+--------+--------+--------+--------+-----+--------+
         Total |    215 |    215 |      0 |    129 |     26 |   2 |  107.5 |
       Dungeon |    215 |    215 |      0 |    129 |     26 |   2 |  107.5 |
               +--------+--------+--------+--------+--------+-----+--------+

Top non-repeatable levels by time:
     D:5: 171 daAuts
     D:6: 44 daAuts
